 Dungeon Crawl Stone Soup version 0.29.1-2-gbd0b4ee654 (webtiles) character file.

Game seed: 2463810601853631548

17 joinst the Chopper (level 2, -1/27 HPs)
             Began as a Hill Orc Berserker on Nov 23, 2022.
             Was a Follower of Trog.
             Slain by a goblin
             ... wielding a +0 dagger
              (2 damage)
             ... on level 2 of the Dungeon on Nov 24, 2022.
             The game lasted 00:10:07 (727 turns).

joinst the Chopper (Hill Orc Berserker)              Turns: 727, Time: 00:10:07

Health: -1/27      AC:  2    Str: 19    XL:     2   Next: 62%
Magic:  2/2        EV: 12    Int:  7    God:    Trog [*.....]
Gold:   61         SH:  0    Dex: 10    Spells: 1/1 levels left

rFire   . . .      SeeInvis .   a - +0 hand axe
rCold   . . .      Faith    .   (no shield)
rNeg    . . .      Spirit   .   b - +0 animal skin
rPois   .          Reflect  .   (helmet restricted)
rElec   +          Harm     .   (no cloak)
rCorr   .          Rampage  .   (no gloves)
Will    .....      Clarity  +   (no boots)
Stlth   +.........              (no amulet)
HPRegen 0.09/turn               (no ring)
MPRegen 0.08/turn               (no ring)

@: mighty
A: horns 1, clarity, deterioration 1, electricity resistance
a: Renounce Religion, Berserk


You were on level 2 of the Dungeon.
You worshipped Trog.
Trog was aware of your devotion.
You visited 1 branch of the dungeon, and saw 2 of its levels.

You collected 61 gold pieces.

Inventory:

Hand Weapons
 a - a +0 hand axe (weapon)
 i - a +0 dagger
Armour
 b - a +0 animal skin (worn)
 c - an orb of guile
Scrolls
 d - a scroll of enchant armour {unknown}
 e - a scroll of fear {unknown}
 g - a scroll of amnesia {unknown}
 j - a scroll of identify {unknown}
 l - a scroll of noise {unknown}
Potions
 k - a potion of invisibility {unknown}


   Skills:
 + Level 4.0 Fighting
 + Level 4.4 Axes
 + Level 2.4 Armour
 + Level 1.6 Dodging


You had one spell level left.
You didn't know any spells.
Your spell library contained the following spells:

 Spells                   Type           Power      Damage    Failure   Level
 Ensorcelled Hibernation  Hex/Ice        0%         N/A       56%         2
 Passwall                 Tmut/Erth      0%         N/A       56%         2
 Swiftness                Air            0%         N/A       80%         3


Dungeon Overview and Level Annotations

Branches:
Dungeon (2/15)

Altars:

Shops:
D:1 *


Innate Abilities, Weirdness & Mutations

You have a pair of small horns on your head.
You possess an exceptional clarity of mind.
Your body sometimes deteriorates upon taking damage.
You are resistant to electric shocks. (rElec)


Message History

Trog accepts your kill.
You slash the dart slug!
You kill the dart slug!
Trog accepts your kill.
Your Fighting skill increases to level 4!
You see here a rat corpse.
A worm comes into view.
An endoplasm comes into view.
You see here 3 stones.
A goblin comes into view. It is wielding a +0 dagger.
Found a book of Alchemy.
The goblin shouts!
The endoplasm quivers.
The worm bites you.
You hit the worm. You punch the worm.
The worm is moderately wounded.
The worm bites you!
You hit the worm.
The worm is heavily wounded.
You barely miss the worm.
The worm is heavily wounded.
You hit the endoplasm but do no damage. The endoplasm freezes you.
You are frozen.
The worm misses you.
You closely miss the goblin. You hit the worm. You hit the endoplasm.
The endoplasm hits you. The goblin hits you but does no damage.
You barely miss the goblin. You hit the worm but do no damage.
You hit the endoplasm.
You kill the endoplasm!
Trog accepts your kill. The goblin hits you with a +0 dagger.
The worm bites you!
* * * LOW HITPOINT WARNING * * *
It was a potion of mutation.
You feel extremely strange.
You feel yourself wasting away.
Your thoughts seem clearer.
A pair of horns grows on your head!
You feel insulated. The goblin barely misses you. The worm closely misses you.
It was a potion of might.
You feel very mighty all of a sudden. The goblin hits you with a +0 dagger.
You die...

####...#
#......##
#...:....
#........
#........
#......#
#w>....#
#@g....#.
####........
###.......####
#.....(.......
#.#.......####
# #.......#
#..†....#
#<......#
#.........#


You could see a worm and a goblin.

Vanquished Creatures
  A dart slug (D:2)
  An endoplasm (D:2)
  A giant cockroach (D:1)
  A goblin (D:1)
  3 hobgoblins (D:1)
  2 jackals (D:1)
  A ball python (D:1)
  A bat (D:1)
  3 rats
14 creatures vanquished.

Vanquished Creatures (others)
  A plant (D:1)
1 creature vanquished.

Grand Total: 15 creatures vanquished

Notes
Turn   | Place    | Note
-------+----------+-------------------------------------------
     0 | D:1      | joinst the Hill Orc Berserker began the quest for the Orb.
     0 | D:1      | Reached XP level 1. HP: 19/19 MP: 1/1
    22 | D:1      | Found a faded altar of an unknown god.
   232 | D:1      | Reached XP level 2. HP: 17/27 MP: 2/2
   424 | D:1      | Found Ehul's Assorted Antiques.
   725 | D:2      | HP: 1/27 [worm (8)]
   726 | D:2      | Gained mutation: Your body sometimes deteriorates upon
                  | taking damage. [potion of mutation]
   726 | D:2      | Gained mutation: You possess an exceptional clarity of
                  | mind. [potion of mutation]
   726 | D:2      | Gained mutation: You have a pair of small horns on your
                  | head. [potion of mutation]
   726 | D:2      | Gained mutation: You are resistant to electric shocks.
                  | (rElec) [potion of mutation]
   727 | D:2      | Slain by a goblin

Illustrated notes

Levels and vault maps discovered:
D:1:      dpeg_arrival_short_road, layout_rooms, serial_shops,
          nicolae_shop_overgrown_old_shop, basic_ecumenical_altar
D:2:      wad_pebble_path, layout_basic

Skill      XL: |  1  2 |
---------------+-------+-----
Fighting       | 4 |  4.0
Axes           | |  4.4
Armour         | |  2.4
Dodging        | |  1.6

Action                   || total
-------------------------++-------
Melee: Hand axe          ||    47
       Punch             ||     1
  Use: Potion            ||     3
Armor: Animal skin       ||    14
Dodge: Dodged            ||    25
